 Dungeon Crawl Stone Soup version 0.28-a0-728-g0181a31188 (webtiles) character file.

Game seed: 4386741163329785127

192721 Essalna the Peltast (level 18, -7/114 HPs)
             Began as a Gargoyle Fire Elementalist on Oct 28, 2021.
             Was the Champion of Vehumet.
             Mangled by Ekhledargh's ghost (28 damage)
             ... on level 1 of the Shoals.
             The game lasted 01:38:17 (31048 turns).

Essalna the Peltast (Gargoyle Fire Elementalist)   Turns: 31048, Time: 01:38:17

Health: -7/114     AC: 25    Str: 13    XL:     18   Next: 24%
Magic:  5/43       EV: 17    Int: 26    God:    Vehumet [******]
Gold:   843        SH: 16    Dex: 16    Spells: 13/41 levels left

rFire   + + +      SeeInvis .   i - +8 morningstar of Luxury {holy, rPois rF+ Int+3}
rCold   + + .      Faith    .   n - +2 shield of Resistance {rF++ rC++ Will++}
rNeg    + . .      Spirit   .   L - +0 troll leather armour
rPois   ∞          Reflect  .   z - +2 helmet
rElec   +          Harm     .   q - +0 cloak
rCorr   .          Rampage  .   x - +0 pair of gloves
Will    +++..                   k - +0 pair of boots
Stlth   ++........              A - amulet of magic regeneration
HPRegen 1.29/turn               b - +6 ring of dexterity
MPRegen 0.53/turn               D - ring of magical power

@: flying
A: sickness immunity, AC +13, big wings, negative energy resistance 1,
electricity resistance, torment resistance 1, petrification resistance
}: 1/15 runes: barnacled
a: Renounce Religion


You were on level 1 of the Shoals.
You worshipped Vehumet.
Vehumet was exalted by your worship.
You visited 6 branches of the dungeon, and saw 28 of its levels.

You collected 2919 gold pieces.
You spent 2076 gold pieces at shops.

Inventory:

Hand Weapons
 i - the +8 morningstar of Luxury (weapon) {holy, rPois rF+ Int+3}
   (You took it off a merfolk siren on level 4 of the Shoals)

   It has been blessed by the Shining One to cause great damage to the undead
   and demons.
   Int:       It affects your intelligence (+3).
   rF:        It protects you from fire.
   rPois:     It protects you from poison.
Missiles
 H - 11 throwing nets
Armour
 k - a +0 pair of boots (worn)
 n - the +2 shield of Resistance (worn) {rF++ rC++ Will++}
   (You bought it in a shop on level 2 of the Orcish Mines)

   rF:        It greatly protects you from fire.
   rC:        It greatly protects you from cold.
   Will:      It greatly increases your willpower.
 q - a +0 cloak (worn)
 x - a +0 pair of gloves (worn)
 z - a +2 helmet (worn)
 L - a +0 troll leather armour (worn)
 O - a +2 robe of willpower
 Q - a +0 robe of resistance
Magical Staves
 y - a staff of earth
 R - a staff of death
 U - a staff of conjuration
 X - a staff of air
Jewellery
 b - a +6 ring of dexterity (left hand)
 l - a ring of willpower
 A - an amulet of magic regeneration (around neck)
 D - a ring of magical power (right hand)
 F - an amulet of regeneration
 J - a +6 ring of intelligence
 T - a ring of wizardry
 W - a +6 ring of intelligence
 Y - a ring of resist corrosion
 Z - a +4 ring of evasion
Wands
 s - a wand of flame (41)
 P - a wand of mindburst (20)
Scrolls
 j - 2 scrolls of holy word {unknown}
 m - 2 scrolls of amnesia
 o - 9 scrolls of identify
 r - 6 scrolls of enchant armour {unknown}
 t - 4 scrolls of brand weapon {unknown}
 u - a scroll of acquirement {unknown}
 v - 4 scrolls of teleportation
 w - a scroll of silence {unknown}
 C - 2 scrolls of fog {unknown}
 I - 2 scrolls of immolation {unknown}
 N - 3 scrolls of blinking {unknown}
 S - 3 scrolls of enchant weapon {unknown}
 V - 3 scrolls of magic mapping {unknown}
Potions
 a - 7 potions of ambrosia
 c - 11 potions of curing
 d - 2 potions of might
 e - 2 potions of magic
 f - a potion of resistance
 g - 4 potions of lignification
 h - 2 potions of cancellation
 p - 4 potions of brilliance
 B - 2 potions of mutation
 G - 4 potions of haste
 K - 3 potions of invisibility
 M - a potion of heal wounds


   Skills:
 + Level 13.2 Fighting
 - Level 5.0 Armour
 + Level 10.5 Dodging
 - Level 2.1 Stealth
 - Level 16.0 Shields
 + Level 12.3 Spellcasting
 + Level 12.5 Conjurations
 + Level 13.4 Fire Magic
 + Level 12.2 Earth Magic


You had 13 spell levels left.
You knew the following spells:

 Your Spells              Type           Power      Damage    Failure   Level
a - Iron Shot             Conj/Erth      34%        9d7       1%          6
b - Scorch                Fire           100%       2d10      1%          2
c - Flame Wave            Conj/Fire      70%        3d12      1%          4
d - Lee's Rapid Deconstr  Erth           34%        3d18*     1%          5
e - Fireball              Conj/Fire      35%        3d15      1%          5
f - Starburst             Conj/Fire      35%        6d10      1%          6

Your spell library contained the following spells:

 Spells                   Type           Power      Damage    Failure   Level
 Shatter                  Erth           34%        3d27*     99%         9
 Chain Lightning          Conj/Air       24%        3d32      100%        9
 Polar Vortex             Ice            7%         N/A       100%        9
 Foxfire                  Conj/Fire      100%       2x1d9     0%          1
 Magic Dart               Conj           100%       1d8       1%          1
 Searing Ray              Conj           100%       2d8       1%          2
 Conjure Flame            Conj/Fire      70%        6-21      1%          3
 Inner Flame              Hex/Fire       50%        N/A       1%          3
 Mephitic Cloud           Conj/Pois/Air  37%        N/A       1%          3
 Stone Arrow              Conj/Erth      100%       3d13      1%          3
 Fulminant Prism          Conj/Hex       24%        3d13      1%          4
 Hailstorm                Conj/Ice       48%        3d11      1%          4
 Animate Armour           Summ/Erth      94%        N/A       3%          4
 Summon Small Mammal      Summ           60%        N/A       4%          1
 Call Imp                 Summ           15%        N/A       7%          2
 Slow                     Hex            15%        N/A       7%          2
 Call Canine Familiar     Summ           15%        N/A       14%         3
 Confusing Touch          Hex            15%        N/A       14%         3
 Gell's Gravitas          Tloc           7%         N/A       14%         3
 Lesser Beckoning         Tloc           15%        N/A       14%         3
 Portal Projectile        Hex/Tloc       30%        N/A       14%         3
 Summon Guardian Golem    Hex/Summ       15%        N/A       14%         3
 Teleport Other           Tloc           15%        N/A       14%         3
 Yara's Violent Unravell  Hex/Tmut       7%         3d5       30%         5
 Animate Dead             Necr           7%         N/A       41%         4
 Cause Fear               Hex            7%         N/A       41%         4
 Ice Form                 Ice/Tmut       15%        N/A       41%         4
 Lehudib's Crystal Spear  Conj/Erth      34%        10d9      41%         8
 Blade Hands              Tmut           7%         N/A       77%         5
 Excruciating Wounds      Necr           7%         N/A       77%         5
 Summon Forest            Summ/Tloc      7%         N/A       77%         5
 Eringya's Noxious Bog    Tmut/Pois      7%         N/A       83%         6
 Simulacrum               Ice/Necr       7%         N/A       100%        6
 Dragon Form              Tmut           7%         N/A       100%        7
 Haunt                    Necr/Summ      7%         N/A       100%        7
 Summon Hydra             Summ           7%         N/A       100%        7
 Infestation              Necr           7%         N/A       100%        8
 Dragon's Call            Summ           7%         N/A       100%        9


Dungeon Overview and Level Annotations

Branches:
Dungeon (13/15)            Temple (1/1) D:7            Lair (6/6) D:11
 Shoals (4/4) Lair:2        Snake (2/4) Lair:2        Slime (0/5) Lair:5
    Orc (2/2) D:10            Elf (0/3) Orc:2        Vaults (0/5) D:13

Altars:
Ashenzari
Cheibriados
Dithmenos
Elyvilon
Fedhas
Gozag
Hepliaklqana
Kikubaaqudgha
Makhleb
Nemelex Xobeh
Okawaru
Qazlal
Ru
Sif Muna
Trog
Uskayaw
Vehumet
Wu Jian
Xom
Yredelemnul
Zin
The Shining One
Beogh

Shops:
D:8 *   Orc:2 ?[:[   Shoals:1 [   Shoals:4 *

Annotations:
Lair:1 1 runed translucent door, MacCMillion's ghost, journeyman DgCj
Lair:4 1 runed translucent door, BlueGoblin's ghost, journeyman OgMo
Shoals:1 1 transporter, Ekhledargh's ghost, adept HuWn
Snake:2 Louise; Vashnia


Innate Abilities, Weirdness & Mutations

You are immune to sickness and miasma.
Your stone body is resilient. (AC +13)
You are immune to poison.
Your large and strong wings let you fly.
You resist negative energy. (rN+)
You are resistant to electric shocks. (rElec)
You are resistant to unholy torment.
You are immune to petrification.


Message History

The bolt of fire misses Ekhledargh's ghost.
The bolt of fire hits the sea snake!!!
You kill the sea snake!
Vehumet accepts your kill.
You feel your power returning. The snapping turtle closely misses you.
The snapping turtle barely misses you.
Ekhledargh's ghost hits you but does no damage.
Casting: Starburst (dangerous; 1% risk of failure)
Confirm with . or Enter, or press ? or * to list all spells.
Casting: Starburst (dangerous; 1% risk of failure)
Press: ? - help, Dir - look around, f - activate The bolt of fire hits Ekhledargh's ghost!!!
Ekhledargh's ghost is almost destroyed.
The sea snake is engulfed in a cloud of scalding steam.
The snapping turtle bites you but does no damage.
You block the snapping turtle's attack.
The sea snake is engulfed in a cloud of scalding steam.
You block the sea snake's attack. Ekhledargh's ghost hits you!
* * * LOW HITPOINT WARNING * * *
You feel much better.
The snapping turtle is engulfed in a cloud of scalding steam.
The snapping turtle barely misses you.
The snapping turtle bites you from afar!
* * * LOW HITPOINT WARNING * * *
The sea snake is engulfed in a cloud of scalding steam.
You block the sea snake's attack. You block Ekhledargh's ghost's attack.
Casting: Starburst (dangerous; 1% risk of failure)
Confirm with . or Enter, or press ? or * to list all spells.
Casting: Starburst (dangerous; 1% risk of failure)
Press: ? - help, Dir - look around, f - activate The bolt of fire misses the sea snake.
The bolt of fire hits Ekhledargh's ghost!!
Ekhledargh's ghost is almost destroyed.
The sea snake is engulfed in a cloud of scalding steam.
The sea snake bites you.
* * * LOW HITPOINT WARNING * * *
The snapping turtle bites you from afar!
* * * LOW HITPOINT WARNING * * *
The snapping turtle barely misses you. Ekhledargh's ghost hits you!!
You die...

≈≈≈≈≈≈....................≈≈≈≈≈P≈
≈≈≈≈≈≈≈≈..................≈≈≈≈≈≈#
≈≈≈≈≈≈≈........[............P≈P##
≈≈≈≈≈≈≈≈...................P≈P≈##
≈≈≈≈≈≈≈......................≈###
≈≈≈≈≈≈≈.≈≈.≈≈.≈.≈©...≈≈≈..≈≈≈≈###
≈≈≈≈≈≈≈≈≈≈≈≈###########≈≈≈≈≈P≈#.#
≈≈≈≈≈≈≈≈≈≈≈##8≈§.©...8##≈≈≈≈≈.##.
≈≈≈≈≈≈≈≈≈≈≈#8≈≈#@#§#..8#≈≈≈...#.#
≈≈≈≈≈≈≈≈≈≈≈#≈.##SW≈##..#≈≈....###
≈≈≈≈≈≈≈≈≈≈≈#.≈≈t§t§≈§≈.#≈.....###
≈≈≈≈≈≈≈≈≈≈≈#≈≈≈§≈§≈§§≈.#≈.....P##
≈≈≈≈≈≈≈≈≈≈≈#.#[≈§§≈§.#.#≈.......#
≈≈≈≈≈≈≈≈≈≈≈#.≈≈≈§≈≈≈≈..#≈......P#
≈≈≈≈≈≈≈≈≈≈≈#.≈≈≈§≈≈≈≈..#≈.......#
≈≈≈≈≈≈≈....#≈.##≈.≈##.≈#≈..(.P...
≈≈≈≈≈......#8≈≈#≈=.#.≈8#≈........


You could see a sea snake, 2 snapping turtles and Ekhledargh's ghost.

Vanquished Creatures
  3 krakens
  Aizul (Snake:1)
  Snorg (Lair:4)
  6 merfolk javelineers
  11 merfolk impalers
  Josephine (D:11)
  Fannar (Lair:1)
  4 naga warriors (Snake:1)
  Erolcha (D:10)
  10 hydras
  5 boulder beetles
  An ogre mage (Orc:2)
  6 merfolk aquamancers
  4 alligator snapping turtles
  4 anacondas
  6 merfolk avatars
  4 two-headed ogres
  A satyr (Shoals:3)
  6 catoblepae
  16 death yaks
  5 naga sharpshooters
  Nergalle (Orc:2)
  2 shock serpents
  18 sea snakes
  Pikel (D:6)
  A naga ritualist (Snake:1)
  13 mana vipers
  A wizard (D:13)
  4 harpies
  A deep elf pyromancer (D:13)
  3 oklob plants
  4 fauns (Shoals:3)
  7 cyclopes
  8 orc sorcerers (Orc:2)
  17 manticores
  3 salamanders (Snake:1)
  Maurice (D:8)
  17 elephants
  A moth of wrath (shapeshifter) (D:13)
  An ugly thing (D:13)
  A centaur zombie (D:11)
  9 merfolk sirens
  4 naga magi
  4 water nymphs
  17 black mambas
  A gargoyle (D:12)
  A torpor snail (Lair:3)
  17 cane toads
  4 kobold demonologists (D:12)
  6 rime drakes
  16 komodo dragons
  An efreet (D:13)
  8 trolls
  A queen bee (Lair:3)
  46 merfolk
  A polar bear (Lair:6)
  26 blink frogs
  6 snapping turtles
  19 dream sheep
  A hornet (D:9)
  11 wind drakes
  A meliai zombie (D:10)
  2 shadows
  17 water elementals
  71 yaks
  2 vampires
  10 wyverns
  6 wraiths (D:11)
  A steam dragon (D:7)
  10 basilisks
  4 vampire mosquitoes (D:11)
  A warg (Orc:1)
  2 acid dragons
  14 nagas
  19 water moccasins
  A black bear (Lair:2)
  13 orc warriors
  An ice beast (D:6)
  3 sky beasts
  7 ogres
  A necrophage (D:4)
  21 wolves
  4 centaurs
  5 phantoms
  A lemure (D:6)
  6 kobold brigands
  A gnoll sergeant (D:7)
  13 bullfrogs
  5 scorpions
  3 wyvern zombies
  35 killer bees
  A troll zombie (D:10)
  An electric eel (Lair:4)
  3 howler monkeys
  6 hounds
  13 orc priests
  Crazy Yiuf (D:3)
  A bullfrog skeleton (D:7)
  2 centaur skeletons
  4 iguanas
  31 orc wizards
  9 hell rats
  A killer bee zombie (D:8)
  7 ogre zombies (D:10)
  A hound skeleton (D:4)
  A howler monkey zombie (D:8)
  3 adders
  8 gnolls
  3 river rats (D:7)
  A white imp (D:6)
  An ufetubus (D:6)
  An adder zombie (D:3)
  A worm (D:2)
  2 dart slugs
  50 orcs
  2 endoplasms
  3 giant cockroaches
  9 goblins
  2 hobgoblins (D:4)
  4 jackals
  16 kobolds
  8 quokkas
  7 ball pythons
  6 bats
  3 frilled lizards
  A goblin skeleton (D:10)
  3 goblin zombies (D:10)
  4 hobgoblin skeletons (D:10)
  4 hobgoblin zombies (D:10)
  4 orc skeletons (D:10)
  9 orc zombies (D:10)
  20 rats
  A bush (Lair:2)
  A butterfly (Lair:3)
  3 tentacles
943 creatures vanquished.

Vanquished Creatures (collateral kills)
  17 foxfires
17 creatures vanquished.

Vanquished Creatures (others)
  Nikola (Snake:2)
  A naga warrior (Snake:2)
  An anaconda (Snake:2)
  A merfolk aquamancer (Shoals:4)
  A salamander (Snake:2)
  A black mamba (Snake:2)
  3 nagas (Snake:2)
  1751 foxfires
  59 fungi
  190 plants
  13 tentacles
  A withered plant (Shoals:1)
2023 creatures vanquished.

Grand Total: 2983 creatures vanquished

Notes
Turn   | Place    | Note
-------+----------+-------------------------------------------
     0 | D:1      | Essalna the Gargoyle Fire Elementalist began the quest for
                  | the Orb.
     0 | D:1      | Reached XP level 1. HP: 10/10 MP: 3/3
   166 | D:1      | Reached XP level 2. HP: 15/15 MP: 0/5
   718 | D:1      | You fall into a shaft and drop 1 floor!
   867 | D:1      | Reached XP level 3. HP: 19/19 MP: 4/6
  1841 | D:3      | Reached XP level 4. HP: 24/24 MP: 5/8
  2148 | D:3      | Found a glowing golden altar of the Shining One.
  2400 | D:3      | Found a faded altar of an unknown god.
  2438 | D:3      | Found a runed translucent door.
  2442 | D:3      | Learned a level 2 spell: Scorch
  2442 | D:3      | Noticed Crazy Yiuf
  2449 | D:3      | Killed Crazy Yiuf
  2647 | D:3      | Found a bloodstained altar of Trog.
  2677 | D:3      | Found an ornate altar of the Wu Jian Council.
  2677 | D:3      | Found a broken altar of Ashenzari.
  2679 | D:3      | Found a stormy altar of Qazlal.
  2679 | D:3      | Found a shimmering altar of Xom.
  2679 | D:3      | Found a bloodstained altar of Trog.
  3025 | D:4      | Found an opulent altar of Gozag.
  3202 | D:4      | Noticed a necrophage
  3217 | D:4      | Killed a necrophage
  3218 | D:4      | Reached XP level 5. HP: 28/28 MP: 3/10
  3428 | D:4      | Reached XP level 6. HP: 25/32 MP: 4/11
  3768 | D:5      | Entered Level 5 of the Dungeon
  3975 | D:5      | Noticed a water moccasin
  4615 | D:4      | Reached skill level 5 in Fire Magic
  4615 | D:4      | Reached XP level 7. HP: 36/36 MP: 6/13
  4872 | D:5      | Reached skill level 5 in Conjurations
  5235 | D:5      | Found a sacrificial altar of Ru.
  5591 | D:5      | Reached skill level 1 in Fighting
  5591 | D:5      | Reached XP level 8. HP: 43/43 MP: 7/15
  5605 | D:5      | Reached skill level 1 in Armour
  5722 | D:5      | Reached skill level 5 in Spellcasting
  5808 | D:5      | Found an ancient bone altar of Kikubaaqudgha.
  6206 | D:6      | Found a broken altar of Ashenzari.
  6207 | D:6      | Noticed Pikel
  6425 | D:7      | Found a staircase to the Ecumenical Temple.
  6457 | Temple   | Entered the Ecumenical Temple
  6504 | Temple   | Became a worshipper of Vehumet
  6578 | D:7      | Reached XP level 9. HP: 51/51 MP: 6/17
  6746 | D:6      | Killed Pikel
  7465 | D:7      | Reached * piety under Vehumet
  7465 | D:7      | Offered knowledge of Shock by Vehumet.
  7953 | D:7      | Reached XP level 10. HP: 58/58 MP: 13/19
  8116 | D:8      | Noticed Maurice
  8124 | D:8      | Killed Maurice
  8295 | D:8      | Found Zin's Purification Station.
  8311 | D:8      | Reached skill level 5 in Fighting
  8311 | D:8      | Reached skill level 5 in Armour
  8518 | D:8      | Found a glowing silver altar of Zin.
  8654 | D:8      | Reached ** piety under Vehumet
  8654 | D:8      | Offered knowledge of Freeze by Vehumet.
  8893 | D:8      | Learned a level 4 spell: Flame Wave
  9418 | D:9      | Found a bloodstained altar of Trog.
  9577 | D:9      | Offered knowledge of Dazzling Flash by Vehumet.
  9765 | D:9      | Found a blossoming altar of Fedhas.
 10044 | D:9      | Reached *** piety under Vehumet
 10045 | D:9      | Reached skill level 5 in Dodging
 10047 | D:9      | Noticed a two-headed ogre
 10127 | D:9      | Noticed a two-headed ogre
 10131 | D:9      | Killed a two-headed ogre
 10132 | D:9      | Reached XP level 11. HP: 58/66 MP: 19/22
 10142 | D:9      | Noticed a boulder beetle
 10155 | D:10     | Entered Level 10 of the Dungeon
 10171 | D:10     | Noticed Erolcha
 10185 | D:10     | Killed Erolcha
 10227 | D:10     | Found a staircase to the Orcish Mines.
 10379 | D:10     | Offered knowledge of Ignite Poison by Vehumet.
 10563 | D:10     | Found a shadowy altar of Dithmenos.
 10696 | D:10     | Noticed a cyclops
 10702 | D:10     | Killed a cyclops
 10719 | D:10     | Reached **** piety under Vehumet
 11082 | D:9      | Killed a two-headed ogre
 11182 | D:9      | Offered knowledge of Lee's Rapid Deconstruction by Vehumet.
 11189 | D:9      | Learned a level 5 spell: Lee's Rapid Deconstruction
 11258 | D:9      | Noticed a cyclops
 11264 | D:9      | Killed a cyclops
 11361 | Orc:1    | Entered Level 1 of the Orcish Mines
 11374 | Orc:1    | Reached skill level 1 in Earth Magic
 11924 | Orc:2    | Entered Level 2 of the Orcish Mines
 12031 | Orc:2    | Found a staircase to the Elven Halls.
 12113 | Orc:2    | Found a shimmering blue altar of Sif Muna.
 12197 | Orc:2    | Reached ***** piety under Vehumet
 12425 | Orc:2    | Offered knowledge of Spellforged Servitor by Vehumet.
 12460 | Orc:2    | Noticed an orc sorcerer
 12461 | Orc:2    | Noticed an orc sorcerer
 12472 | Orc:2    | Killed an orc sorcerer
 12474 | Orc:2    | Killed an orc sorcerer
 12524 | Orc:2    | Noticed an orc sorcerer
 12531 | Orc:2    | Killed an orc sorcerer
 12532 | Orc:2    | Reached XP level 12. HP: 60/73 MP: 21/24
 12548 | Orc:2    | Found Pujut's Magic Scroll Boutique.
 12583 | Orc:2    | Paralysed by an orc sorcerer for 6 turns
 12671 | Orc:2    | Found Pismuf's Antique Armour Shop.
 12691 | Orc:2    | Found a radiant altar of Vehumet.
 12698 | Orc:2    | Noticed an ogre mage
 12727 | Orc:2    | Killed an ogre mage
 12773 | Orc:2    | Found Noercheng's Antique Armour Boutique.
 12806 | Orc:2    | Noticed Nergalle
 12838 | Orc:2    | Killed Nergalle
 12903 | Orc:2    | Found an ancient bone altar of Kikubaaqudgha.
 13112 | Orc:2    | Reached skill level 10 in Conjurations
 13129 | Orc:2    | Paralysed by an orc sorcerer for 4 turns
 13159 | Orc:2    | Found Abaen's Book Boutique.
 13481 | D:11     | Found a staircase to the Lair.
 13503 | D:11     | Noticed a two-headed ogre
 13523 | D:11     | Killed a two-headed ogre
 13702 | D:11     | Noticed a two-headed ogre
 13706 | D:11     | Noticed a boulder beetle
 13707 | D:11     | Killed a two-headed ogre
 13711 | D:11     | Reached skill level 5 in Earth Magic
 13720 | D:11     | Killed a boulder beetle
 13721 | D:11     | Reached skill level 10 in Fire Magic
 14029 | D:11     | Noticed Josephine
 14039 | D:11     | Killed Josephine
 14040 | D:11     | Reached XP level 13. HP: 62/80 MP: 18/26
 14313 | Lair:1   | Entered Level 1 of the Lair of Beasts
 14695 | Lair:1   | Found a blossoming altar of Fedhas.
 14799 | Lair:1   | Noticed Fannar
 14822 | Lair:2   | Offered knowledge of Sticky Flame by Vehumet.
 14873 | Lair:2   | Found a staircase to the Shoals.
 15144 | Lair:2   | Found a staircase to the Snake Pit.
 15189 | Lair:2   | Reached skill level 10 in Fighting
 15399 | Lair:2   | Reached skill level 10 in Spellcasting
 15513 | Lair:2   | Gained mutation: Your large and strong wings let you fly.
                  | [Gargoyle growth]
 15513 | Lair:2   | Reached XP level 14. HP: 83/88 MP: 26/28
 16178 | Lair:1   | Found a runed translucent door.
 16195 | Lair:1   | Noticed MacCMillion's ghost (journeyman DgCj)
 16267 | Lair:1   | Killed Fannar
 16474 | Lair:3   | Offered knowledge of Fireball by Vehumet.
 16490 | Lair:3   | Learned a level 5 spell: Fireball
 17461 | Lair:4   | Noticed Snorg
 17522 | Lair:4   | Killed Snorg
 18068 | Lair:4   | Found a runed translucent door.
 18068 | Lair:4   | Found a shimmering altar of Xom.
 18068 | Lair:4   | Noticed BlueGoblin's ghost (journeyman OgMo)
 18599 | Lair:5   | Reached XP level 15. HP: 95/95 MP: 8/30
 19028 | Lair:5   | Identified the +1 scale mail of the Other World {Dex+5}
 19230 | Lair:5   | Reached skill level 10 in Earth Magic
 19275 | Lair:5   | Found a staircase to the Slime Pits.
 19357 | Lair:6   | Entered Level 6 of the Lair of Beasts
 19368 | Lair:6   | Offered knowledge of Starburst by Vehumet.
 19379 | Lair:6   | Reached ****** piety under Vehumet
 19432 | Lair:6   | Learned a level 6 spell: Starburst
 19922 | Lair:6   | Found a basalt altar of Yredelemnul.
 21118 | D:12     | Reached skill level 10 in Dodging
 21627 | D:13     | Found a snail-covered altar of Cheibriados.
 21768 | D:13     | Reached XP level 16. HP: 93/103 MP: 24/31
 21935 | D:13     | Found a gate to the Vaults.
 22088 | D:13     | Offered knowledge of Iron Shot by Vehumet.
 22096 | D:13     | Learned a level 6 spell: Iron Shot
 22754 | Shoals:1 | Entered Level 1 of the Shoals
 23219 | Shoals:1 | Found Hyng's Armour Shoppe.
 23390 | Shoals:1 | Found a transporter.
 23392 | Shoals:1 | Found a transporter.
 23393 | Shoals:1 | Noticed Ekhledargh's ghost (adept HuWn)
 23849 | Shoals:1 | Noticed a kraken
 24204 | Orc:2    | Bought the +2 shield of Resistance {rF++ rC++ Will++} for
                  | 2076 gold pieces
 24204 | Orc:2    | Found the +2 shield of Resistance {rF++ rC++ Will++}
 24365 | Snake:1  | Entered Level 1 of the Snake Pit
 24400 | Snake:1  | Reached skill level 1 in Shields
 24404 | Snake:1  | Reached skill level 2 in Shields
 24407 | Snake:1  | Reached skill level 3 in Shields
 24413 | Snake:1  | Reached skill level 4 in Shields
 24506 | Snake:1  | Reached skill level 5 in Shields
 24662 | Snake:1  | Offered knowledge of Irradiate by Vehumet.
 24759 | Snake:1  | Noticed Aizul
 24788 | Snake:1  | Killed Aizul
 24789 | Snake:1  | Reached skill level 6 in Shields
 25173 | Snake:1  | Reached skill level 7 in Shields
 25865 | Snake:2  | Noticed Nikola
 25872 | Snake:2  | Reached skill level 8 in Shields
 26055 | Snake:2  | Killed Nikola
 26056 | Snake:2  | Reached skill level 9 in Shields
 26056 | Snake:2  | Identified the +0 tower shield "Anomi" {rF+ rC- Will+
                  | Dex+2}
 26056 | Snake:2  | Noticed Louise
 26111 | Snake:2  | Noticed Vashnia
 26215 | Snake:2  | Reached XP level 17. HP: 71/108 MP: 33/33
 26220 | Snake:2  | Reached skill level 10 in Shields
 26912 | Shoals:2 | Reached skill level 11 in Shields
 27251 | Shoals:2 | Noticed a kraken
 27257 | Shoals:2 | Killed a kraken
 27419 | Shoals:2 | Noticed a kraken
 27425 | Shoals:2 | Killed a kraken
 27692 | Shoals:3 | Reached skill level 12 in Shields
 27782 | Shoals:3 | Offered knowledge of Maxwell's Capacitive Coupling by
                  | Vehumet.
 28019 | Shoals:3 | Reached skill level 13 in Shields
 28673 | Shoals:4 | Entered Level 4 of the Shoals
 29008 | Shoals:4 | Reached skill level 14 in Shields
 29199 | Shoals:4 | Found Gamix's Gadget Gallery.
 29449 | Shoals:4 | Reached skill level 15 in Shields
 29577 | Shoals:4 | Offered knowledge of Shatter by Vehumet.
 29577 | Shoals:4 | Offered knowledge of Chain Lightning by Vehumet.
 29577 | Shoals:4 | Offered knowledge of Polar Vortex by Vehumet.
 29590 | Shoals:4 | Got a barnacled rune of Zot
 29731 | Shoals:4 | Identified the +3 dagger of Zuxaw {vorpal, Int+2}
 29881 | Shoals:4 | Reached XP level 18. HP: 114/114 MP: 15/34
 30153 | Shoals:4 | Identified the +8 morningstar of Luxury {holy, rPois rF+
                  | Int+3}
 30410 | Shoals:4 | Reached skill level 16 in Shields
 31048 | Shoals:1 | Mangled by Ekhledargh's ghost

Illustrated notes

Levels and vault maps discovered:
D:1:      wander_arrival_lonely_grave, layout_rooms, minmay_misc_feat_x
D:2:      layout_rooms
D:3:      layout_loops_ring, nicolae_tso_carved_into_rock, doesnt_xom_only_xom,
          shapermc_ecumenical_altar_venn, serial_bayou, serial_bayou_pond_d,
          serial_bayou_shore_b, serial_bayou_pond_a, serial_bayou_pond_a,
          serial_bayou_lagoon_b, hangedman_decor_peaks_small,
          uniq_crazy_yiuf_cottage
D:4:      layout_loops_cross, nicolae_gozag_cash_rules_everything_around_me,
          grunt_decor_cap, chequers_serial_rivers_room_b
D:5:      layout_rooms, nicolae_ru_awakened_eye, mainiacjoe_overflow_brackets
D:6:      layout_rooms, nicolae_overflow_crystal_walls, uniq_pikel
D:7:      lemuel_ratsnest, layout_basic, minmay_temple_entry_arrows, st_stairs_5
D:8:      layout_basic, zin_purify, uniq_maurice
D:9:      minmay_slanted_spiral_squares, layout_long_grid, trog_butcher_becter,
          fedhas_bush_and_centaur_altar
D:10:     layout_basic, mainiacjoe_overflow_catwalk, zombieorc2_lemuel,
          eino_tiny_chamber, uniq_erolcha
D:11:     layout_rooms, dpeg_oklobed_lair, kennysheep_generic_room_5,
          uniq_josephine
D:12:     layout_stronghold, minivault_11
D:13:     layout_roguey, david_vaults_1, cheibriados_altar_1
Temple:   minmay_temple_bridge_abc
Lair:1:   layout_cave_pods, ebering_ghost_reflecting_pool,
          hangedman_tree_tricks, grunt_megastairs_4, uniq_fannar
Lair:2:   layout_roguey, minmay_shoals_entry_beasts,
          minmay_snake_entry_guardpost_small, grunt_megastairs_2
Lair:3:   layout_gridlike, special_room [special_room_bee], lemuel_fruit_fields,
          lemuel_fruit_tree
Lair:4:   layout_gridlike, special_room [special_room_mythical_zoo],
          ebering_ghost_xom, uniq_snorg
Lair:5:   layout_regular_city, dpeg_slime_entry_corner
Lair:6:   evilmike_catoblepas_cave, layout_small_grid, basic_altar,
          gauntlet_entry_generic
Shoals:1: layout_shoals, ebering_ghost_davey_jones, serial_shops,
          nicolae_shop_waterfront, argonaut_gorgonesque
Shoals:2: layout_shoals, nicolae_shoals_flooded_hall
Shoals:3: layout_shoals, nicolae_shoals_mertower
Shoals:4: shoals_end_simple, layout_shoals, ldierk_geyser, nicolae_shop_gadgets
Snake:1:  layout_chambers, nicolae_snake_mages_go_home, uniq_aizul
Snake:2:  layout_rooms, uniq_vashnia, uniq_louise, uniq_nikola
Orc:1:    layout_diamond_mine
Orc:2:    kennysheep_orc_mage_school, layout_caves, basic_altar, led_sif_book

Skill      XL: |  1  2  3  4  5  6  7  8  9 10 11 12 13 14 15 16 17 18 |
---------------+-------------------------------------------------------+-----
Conjurations   | 2 3 4 5 6 7 8 9 10 11 12 | 12.5
Spellcasting   | 3 4 5 6 7 8 9 10 11 12 | 12.3
Fire Magic     | 4 5 6 7 8 9 10 11 12 13 | 13.4
Fighting       | 1 3 4 6 7 9 10 11 12 13 | 13.2
Armour         | 3 4 5 |  5.0
Dodging        | 2 3 5 6 7 8 9 10 | 10.5
Earth Magic    | 2 5 7 9 11 12 | 12.2
Shields        | 9 15 16 | 16.0
Stealth        | |  2.1

Action                   |  1- 3 |  4- 6 |  7- 9 | 10-12 | 13-15 | 16-18 || total
-------------------------+-------+-------+-------+-------+-------+-------++-------
Melee: Unarmed           |     7 |       |       |       |       |       ||     7
       Dagger            |    14 |    18 |    65 |    73 |    75 |    35 ||   280
       Falchion          |       |       |     2 |       |       |       ||     2
 Cast: Foxfire           |    78 |    94 |   122 |   507 |   230 |       ||  1031
       Scorch            |       |    12 |   114 |   205 |    17 |       ||   348
       Flame Wave        |       |       |       |    14 |   104 |    99 ||   217
       Fireball          |       |       |       |       |    28 |   301 ||   329
       Starburst         |       |       |       |       |    66 |    50 ||   116
       Lee's Rapid Decon |       |       |       |       |     4 |       ||     4
       Iron Shot         |       |       |       |       |       |    23 ||    23
Evoke: Wand              |       |       |       |     2 |       |       ||     2
  Use: Scroll            |       |     1 |       |     1 |     4 |    20 ||    26
       Potion            |       |       |       |       |     3 |     3 ||     6
Armor: Robe              |    10 |    12 |     4 |       |     3 |       ||    29
       Leather armour    |       |       |    65 |    18 |       |       ||    83
       Troll leather arm |       |       |       |   172 |   196 |   180 ||   548
Dodge: Dodged            |    29 |    23 |    96 |   233 |   313 |   258 ||   952
Block: Kite shield       |       |       |       |       |       |   252 ||   252

Table legend: (Time is in decaauts)
 A = Elapsed time spent in this place.
 B = Non-inter-level travel time spent in this place.
 C = Inter-level travel time spent in this place.
 D = Time resting spent in this place.
 E = Time spent auto-exploring this place.
 F = Levels seen in this place.
 G = Mean time per level.
                   A        B        C        D        E       F      G
               +--------+--------+--------+--------+--------+-----+--------+
         Total |  31143 |  28878 |   2265 |    949 |  21719 |  28 | 1112.2 |
       Dungeon |  14330 |  13457 |    873 |    292 |  10532 |  13 | 1102.3 |
        Temple |     67 |     48 |     19 |      0 |     35 |   1 |   67.0 |
          Lair |   6752 |   6203 |    549 |    275 |   4587 |   6 | 1125.3 |
        Shoals |   5940 |   5613 |    327 |    296 |   4055 |   4 | 1485.0 |
     Snake Pit |   1847 |   1605 |    242 |     86 |   1180 |   2 |  923.5 |
  Orcish Mines |   2204 |   1950 |    254 |      0 |   1330 |   2 | 1102.0 |
               +--------+--------+--------+--------+--------+-----+--------+

Top non-repeatable levels by time:
Shoals:4: 1925 daAuts
 Snake:1: 1768 daAuts
     D:4: 1699 daAuts
Shoals:2: 1666 daAuts
  Lair:2: 1529 daAuts
   Orc:2: 1519 daAuts
Shoals:1: 1410 daAuts
     D:9: 1408 daAuts
     D:7: 1328 daAuts
     D:3: 1237 daAuts
     D:5: 1236 daAuts
  Lair:6: 1196 daAuts
  Lair:3: 1150 daAuts
     D:1: 1133 daAuts
    D:13: 1064 daAuts
